[Event "Titled Tuesday Blitz April 05 Early 2022"]
[White "Gontcharov, Vladislav"]
[Black "Rabineau, Clement"]
[WhiteFideId "4123492"]
[BlackFideId "628891"]
[WhiteElo "2488"]
[BlackElo "2237"]
[Result "1-0"]
[Round "10"]
[TimeControl "180+1"]
[Date "2022.04.05"]
[WhiteClock "0:00:39"]
[BlackClock "0:00:28"]

1. e4 d6 2. d4 g6 3. Nc3 Bg7 4. f4 Nf6 5. Nf3 O-O 6. Bd3 Na6 7. O-O c5 8. d5 Rb8 9. Re1 Bg4 10. h3 Bxf3 11. Qxf3 Nb4 12. Kh1 a6 13. a3 Nxd3 14. Qxd3 b5 15. Bd2 Nd7 16. Rad1 c4 17. Qf3 Nc5 18. e5 Qc7 19. Be3 a5 20. Bxc5 Qxc5 21. Ne4 Qc7 22. e6 fxe6 23. Ng5 e5 24. Ne6 Qd7 25. Qe4 exf4 26. Nxf8 Rxf8 27. Qxe7 Qxe7 28. Rxe7 Bxb2 29. Rb7 f3 30. gxf3 Rxf3 31. Rxb5 Rxh3+ 32. Kg2 Rxa3 33. Rxb2 1-0


[Site "https://www.chess.com"]

[Event "Titled Tuesday Blitz April 05 Early 2022"]
[White "Harshavardhan G B"]
[Black "Pires, Marcos Vinicius Torsani"]
[WhiteFideId "25059009"]
[BlackFideId "2118939"]
[WhiteElo "1831"]
[BlackElo "2273"]
[Result "1-0"]
[Round "10"]
[TimeControl "180+1"]
[Date "2022.04.05"]
[WhiteClock "0:01:42"]
[BlackClock "0:00:20"]

1. Nf3 c5 2. e4 g6 3. d4 cxd4 4. Qxd4 Nf6 5. Bb5 Nc6 6. Bxc6 bxc6 7. e5 Nd5 8. c4 Nc7 9. Nc3 Bg7 10. Qh4 O-O 11. Bh6 Ne6 12. O-O Rb8 13. b3 Qa5 14. Ne4 f6 15. Rfe1 Nc5 16. exf6 exf6 17. Bxg7 Kxg7 18. Nxf6 Rxf6 19. Re7+ Rf7 20. Rxf7+ Kxf7 21. Qf4+ Kg7 22. Qxb8 Bb7 23. Qe5+ Kg8 24. Re1 1-0


[Site "https://www.chess.com"]

[Event "Titled Tuesday Blitz April 05 Early 2022"]
[White "Hartikainen, Jarmo"]
[Black "Dukic, Zachary"]
[WhiteFideId "503134"]
[BlackFideId "2617188"]
[WhiteElo "2100"]
[BlackElo "2086"]
[Result "1-0"]
[Round "10"]
[TimeControl "180+1"]
[Date "2022.04.05"]
[WhiteClock "0:00:34"]
[BlackClock "0:00:02"]

1. e4 c6 2. d4 d5 3. Nc3 dxe4 4. Nxe4 Nf6 5. Nxf6+ exf6 6. Bf4 Bd6 7. Qf3 O-O 8. Bd3 Na6 9. c3 Nc7 10. Ne2 Nd5 11. Bg3 a5 12. O-O a4 13. a3 Be6 14. Rad1 g6 15. Rfe1 Kg7 16. c4 Ne7 17. Nf4 Bxf4 18. Qxf4 Nf5 19. Bxf5 Bxf5 20. d5 cxd5 21. cxd5 Qb6 22. Qd4 Qb5 23. Bh4 Rfe8 24. Qxf6+ Kg8 25. Bg5 Qa5 26. Re3 Rxe3 27. fxe3 Qa6 28. d6 Qe2 29. Rf1 Qh5 30. d7 Be6 31. d8=Q+ 1-0


[Site "https://www.chess.com"]

[Event "Titled Tuesday Blitz April 05 Early 2022"]
[White "Hasangatin, Ramil"]
[Black "Ianov, Viktor"]
[WhiteFideId "4122160"]
[BlackFideId "14102730"]
[WhiteElo "2375"]
[BlackElo "2161"]
[Result "1-0"]
[Round "10"]
[TimeControl "180+1"]
[Date "2022.04.05"]
[WhiteClock "0:00:25"]
[BlackClock "0:00:05"]

1. e4 d6 2. d4 Nf6 3. Nc3 c6 4. a4 Qa5 5. Bd2 e5 6. Nf3 Bg4 7. dxe5 dxe5 8. Be2 Bb4 9. O-O Nbd7 10. Nh4 Be6 11. Nf5 Bxf5 12. exf5 O-O 13. Bc4 Nb6 14. Bb3 Rad8 15. Qe2 Rfe8 16. Rad1 h6 17. Qf3 e4 18. Qh3 Qc5 19. Be3 Qe5 20. Ne2 Bc5 21. Bf4 Qxb2 22. Bxh6 gxh6 23. Qxh6 Nfd5 24. a5 Nd7 25. Bxd5 cxd5 26. Rxd5 Bf8 27. Qd2 Rc8 28. Rxd7 Rxc2 29. Qg5+ Qg7 30. Qh5 Qh7 31. Ng3 Qxh5 32. Nxh5 Rec8 33. Rxb7 Bc5 34. Nf6+ Kg7 35. Nxe4 Bd4 36. g3 Re8 37. Nd6 Ree2 38. Kg2 Rxf2+ 39. Rxf2 Rxf2+ 40. Kh3 Ra2 41. Rxf7+ Kg8 42. Rd7 Rxa5 43. Kg4 Ra4 44. Kg5 Kf8 45. Kg6 Bb6 46. h3 Ra3 47. g4 Rxh3 48. Rf7+ Kg8 49. Rb7 Kf8 50. f6 Bd8 51. Rb8 1-0


[Site "https://www.chess.com"]

[Event "Titled Tuesday Blitz April 05 Early 2022"]
[White "Hernandez Bermudez, Ulises Eduardo"]
[Black "Sarkar, Justin"]
[WhiteFideId "3902510"]
[BlackFideId "2010011"]
[WhiteElo "2056"]
[BlackElo "2038"]
[Result "0-1"]
[Round "10"]
[TimeControl "180+1"]
[Date "2022.04.05"]
[WhiteClock "0:00:05"]
[BlackClock "0:00:04"]

1. e4 c5 2. Nf3 Nc6 3. d4 cxd4 4. Nxd4 Nf6 5. Nc3 d6 6. Be2 e5 7. Ndb5 a6 8. Na3 b5 9. Nd5 Nxd5 10. exd5 Nd4 11. c3 Nxe2 12. Qxe2 Be7 13. Nc2 O-O 14. O-O a5 15. Rd1 Rb8 16. a4 bxa4 17. Rxa4 Bd7 18. Ra1 Qb6 19. Ne3 f5 20. Qc2 Rbc8 21. Bd2 f4 22. Nf1 Qb5 23. Be1 a4 24. f3 Rb8 25. Rd2 g5 26. c4 Qc5+ 27. Bf2 Qb4 28. c5 dxc5 29. d6 Bf6 30. Qxc5 Qxc5 31. Bxc5 e4 32. Ba3 e3 33. Rc2 Rb3 34. Rac1 Rfb8 35. Rc7 R3b7 36. R1c2 Bd8 37. Rxb7 Rxb7 38. g3 Kf7 39. gxf4 gxf4 40. Kg2 Bb5 41. Kh3 e2 42. Rxe2 Bxe2 43. Nd2 Rb3 44. Nxb3 axb3 45. Kg4 Ke6 46. Kxf4 Bf6 47. Ke3 Bb5 48. f4 Bc6 49. h4 h5 50. Kd2 Bxh4 51. Kc3 Bd5 52. f5+ Kxf5 53. d7 Bf6+ 54. Kb4 Be6 55. d8=Q Bxd8 56. Kc5 Be7+ 57. Kc6 Bxa3 58. bxa3 b2 0-1


[Site "https://www.chess.com"]

[Event "Titled Tuesday Blitz April 05 Early 2022"]
[White "Hoffmann, Asa"]
[Black "Shohat, Yotam"]
[WhiteFideId "2001470"]
[BlackFideId "2813955"]
[WhiteElo "2117"]
[BlackElo "2119"]
[Result "1-0"]
[Round "10"]
[TimeControl "180+1"]
[Date "2022.04.05"]
[WhiteClock "0:00:53"]
[BlackClock "0:00:03"]

1. d4 Nf6 2. Bg5 Ne4 3. Bf4 c5 4. f3 Qa5+ 5. c3 Nf6 6. d5 e6 7. e4 exd5 8. exd5 d6 9. Qd2 Be7 10. c4 Qxd2+ 11. Kxd2 b5 12. Nc3 b4 13. Nb5 Kd7 14. g3 Ne8 15. a3 g5 16. Be3 Nc7 17. Nxc7 Kxc7 18. axb4 cxb4 19. Rxa7+ Rxa7 20. Bxa7 Bf6 21. b3 Bc3+ 22. Kc2 Re8 23. Ne2 Bf5+ 24. Kc1 Na6 25. Kd1 g4 26. fxg4 Be4 27. Rg1 Bf3 28. g5 Nc5 29. Bxc5 dxc5 30. g4 Re3 31. Rg3 Rd3+ 32. Kc1 Kd6 33. Nxc3 Rxc3+ 34. Kb2 Ke5 35. Bg2 Bxg2 36. Rxg2 Rd3 37. Rf2 Kd4 38. d6 Ke3 39. Rf5 Rd2+ 40. Kc1 Rxd6 41. Rxc5 Kd3 42. Rd5+ 1-0


[Site "https://www.chess.com"]

[Event "Titled Tuesday Blitz April 05 Early 2022"]
[White "Iljin, Timofey"]
[Black "Rosenberg, Evan S"]
[WhiteFideId "14110180"]
[BlackFideId "2019299"]
[WhiteElo "2396"]
[BlackElo "2278"]
[Result "1-0"]
[Round "10"]
[TimeControl "180+1"]
[Date "2022.04.05"]
[WhiteClock "0:02:10"]
[BlackClock "0:00:19"]

1. d4 Nf6 2. c4 e6 3. Nc3 Bb4 4. e3 O-O 5. a3 Bxc3+ 6. bxc3 Nc6 7. Bd3 e5 8. Ne2 e4 9. Bc2 b6 10. O-O Ba6 11. f3 exf3 12. Rxf3 Bxc4 13. Ng3 Re8 14. e4 d5 15. Bg5 dxe4 16. Nxe4 Qd5 17. Nxf6+ gxf6 18. Bxf6 Ne7 19. Qd2 Qh5 20. Rh3 Qe2 21. Bxh7+ 1-0


[Site "https://www.chess.com"]

[Event "Titled Tuesday Blitz April 05 Early 2022"]
[White "Ilyasli, Ughur"]
[Black "Sanchez Alvares, Kelvin Antonio"]
[WhiteFideId "13416197"]
[BlackFideId "3906680"]
[WhiteElo "2045"]
[BlackElo "2193"]
[Result "1-0"]
[Round "10"]
[TimeControl "180+1"]
[Date "2022.04.05"]
[WhiteClock "0:00:10"]
[BlackClock "0:00:28"]

1. d4 d5 2. c4 c6 3. Nf3 Nf6 4. e3 Bg4 5. Qb3 Qb6 6. c5 Qxb3 7. axb3 a6 8. Ne5 Be6 9. Nc3 Nbd7 10. Nd3 Bf5 11. f4 Bxd3 12. Bxd3 e6 13. b4 Rc8 14. Rg1 h5 15. h3 h4 16. Ke2 g6 17. Bd2 Nh5 18. Kf3 Be7 19. Be1 Kf8 20. Bf2 Kg7 21. Rh1 f6 22. Rag1 e5 23. Bc2 e4+ 24. Ke2 g5 25. g4 hxg3 26. Bxg3 Nxg3+ 27. Rxg3 Kf7 28. f5 Rh6 29. Kf2 Rch8 30. Bd1 Bd8 31. Bg4 Bc7 32. Rgg1 Ke7 33. Ra1 Rh4 34. Rhg1 Nb8 35. b5 axb5 36. Ra7 Kd7 37. Rxb7 Na6 38. Ra1 Ra8 39. Be2 Kc8 40. Rxb5 cxb5 41. Bxb5 Kb7 42. c6+ Kb6 43. Bxa6 Rxa6 44. Nxd5+ Kxc6 45. Nb4+ Kb5 46. Nxa6 1-0


[Site "https://www.chess.com"]

[Event "Titled Tuesday Blitz April 05 Early 2022"]
[White "Ivanov, Mike"]
[Black "Fier, Alexandr"]
[WhiteFideId "2613158"]
[BlackFideId "2107139"]
[WhiteElo "2182"]
[BlackElo "2571"]
[Result "1-0"]
[Round "10"]
[TimeControl "180+1"]
[Date "2022.04.05"]
[WhiteClock "0:01:15"]
[BlackClock "0:02:51"]

1. e4 e5 2. Nf3 f5 3. Nc3 Nf6 4. d4 fxe4 5. dxe5 exf3 6. exf6 fxg2 7. Qh5+ g6 8. Qe5+ Qe7 9. fxe7 gxh1=Q 10. exf8=Q+ Kxf8 11. Qxh8+ Kf7 12. Qxh7+ Kf6 13. Bh6 d5 14. O-O-O 1-0


[Site "https://www.chess.com"]

[Event "Titled Tuesday Blitz April 05 Early 2022"]
[White "Jaferian, Koosha"]
[Black "Buscar, Michael"]
[WhiteFideId "12507440"]
[BlackFideId "2603616"]
[WhiteElo "2030"]
[BlackElo "2010"]
[Result "0-1"]
[Round "10"]
[TimeControl "180+1"]
[Date "2022.04.05"]
[WhiteClock "0:00:40"]
[BlackClock "0:00:13"]

1. Nf3 b6 2. g3 Bb7 3. Bg2 c5 4. c4 g6 5. O-O Bg7 6. d4 cxd4 7. Nxd4 Bxg2 8. Kxg2 Nf6 9. b3 Nc6 10. Bb2 Nxd4 11. Qxd4 O-O 12. Nc3 Qc7 13. Rfd1 d6 14. Kg1 Qc5 15. Qd2 Qh5 16. Kg2 Rac8 17. h3 Qf5 18. Qe3 Rfe8 19. Rac1 Rc5 20. Nb5 Qd7 21. Ba3 Rh5 22. g4 Bh6 23. Qg3 Bxc1 24. Bxc1 Rxb5 25. cxb5 Qxb5 26. Qf3 Rc8 27. Bb2 Nd7 28. Qe3 Rc2 29. Rd2 Rxd2 30. Qxd2 f6 31. Qe3 Kf7 32. Qh6 Nf8 33. Qe3 Qd5+ 34. f3 Ne6 35. Qh6 Nf8 36. Qe3 g5 37. Bc1 Ne6 38. Qc3 Qd1 39. Qb2 Nd4 40. Kf2 Nc2 41. Bxg5 fxg5 42. Qc3 Nd4 43. Qc4+ Kf6 44. h4 Qxe2+ 45. Qxe2 Nxe2 46. hxg5+ Kxg5 47. Kxe2 Kf4 48. Kf2 e5 49. Ke2 e4 50. fxe4 Kxg4 51. Ke3 h5 52. Kd4 h4 53. Kd5 h3 54. Kxd6 h2 55. e5 h1=Q 56. e6 Qd1+ 57. Kc6 Qc2+ 58. Kd7 Qxa2 59. e7 Qxb3 60. e8=N Qb5+ 61. Kd8 Qxe8+ 62. Kxe8 b5 63. Kd7 b4 64. Kc7 b3 65. Kb8 b2 66. Ka8 b1=Q 0-1


[Site "https://www.chess.com"]

[Event "Titled Tuesday Blitz April 05 Early 2022"]
[White "Jakubowska, Anna"]
[Black "Sahil, Tickoo"]
[WhiteFideId "1121952"]
[BlackFideId "5019710"]
[WhiteElo "1924"]
[BlackElo "2099"]
[Result "1-0"]
[Round "10"]
[TimeControl "180+1"]
[Date "2022.04.05"]
[WhiteClock "0:01:12"]
[BlackClock "0:00:02"]

1. e4 c5 2. Nc3 Nc6 3. g3 g6 4. Bg2 Bg7 5. d3 d6 6. Nh3 Nf6 7. O-O Bg4 8. f3 Bd7 9. f4 O-O 10. f5 Nd4 11. g4 Bc6 12. Nf4 e5 13. Nfd5 Nxd5 14. exd5 Bd7 15. f6 Bxf6 16. Ne4 Be7 17. Bh6 f5 18. Bxf8 Qxf8 19. c3 Nb5 20. gxf5 gxf5 21. Qh5 Qf7 22. Qxf7+ Kxf7 23. Bh3 Kg6 24. Ng3 Rf8 25. Kh1 Nc7 26. Rg1 Kh6 27. Raf1 Nxd5 28. Bxf5 Bc6 29. Be4 Rxf1 30. Rxf1 Bg5 31. Rf7 Nf6 32. Bxc6 bxc6 33. Nf5+ Kg6 34. Nxd6 1-0


[Site "https://www.chess.com"]

[Event "Titled Tuesday Blitz April 05 Early 2022"]
[White "Jaskolka, Tomasz"]
[Black "Ezat, Mohamed"]
[WhiteFideId "1170791"]
[BlackFideId "10600906"]
[WhiteElo "2073"]
[BlackElo "2386"]
[Result "1-0"]
[Round "10"]
[TimeControl "180+1"]
[Date "2022.04.05"]
[WhiteClock "0:00:09"]
[BlackClock "0:00:04"]

1. d4 Nf6 2. Bf4 g6 3. Nc3 d5 4. e3 Bg7 5. h4 O-O 6. h5 c5 7. hxg6 hxg6 8. Nf3 Nc6 9. Ne5 Qa5 10. Nxc6 bxc6 11. Be5 Ne4 12. Bxg7 Kxg7 13. dxc5 Rb8 14. f3 Ng3 15. Rh4 Rxb2 16. Qd2 Nf5 17. Ra4 Qc7 18. O-O-O Rb7 19. e4 dxe4 20. fxe4 Ng3 21. Ne2 Nxe2+ 22. Bxe2 Kg8 23. Ra3 Qe5 24. Qd4 Qf4+ 25. Qe3 Qe5 26. Qd4 Qg5+ 27. Qe3 Qxg2 28. Rg1 Qh2 29. Bc4 Kg7 30. Qc3+ e5 31. Qe3 Bd7 32. Rb3 Rfb8 33. Rf1 Be8 34. Qg5 a5 35. Qf6+ Kf8 36. Qxg6 1-0


[Site "https://www.chess.com"]

[Event "Titled Tuesday Blitz April 05 Early 2022"]
[White "Khamdamova, Afruza"]
[Black "Garv Gaur"]
[WhiteFideId "14210444"]
[BlackFideId "45030839"]
[WhiteElo "1660"]
[BlackElo "1950"]
[Result "0-1"]
[Round "10"]
[TimeControl "180+1"]
[Date "2022.04.05"]
[WhiteClock "0:00:01"]
[BlackClock "0:00:02"]

1. e4 c6 2. d4 d5 3. Nc3 dxe4 4. Nxe4 Bf5 5. Ng3 Bg6 6. N1e2 e6 7. Nf4 Bd6 8. h4 Nf6 9. h5 Be4 10. Nxe4 Nxe4 11. Bd3 Nf6 12. Qf3 h6 13. Bd2 Nbd7 14. O-O-O Qb6 15. Be3 Nd5 16. Nxd5 cxd5 17. Kb1 Nf6 18. Rhe1 O-O-O 19. c4 dxc4 20. Bxc4 Kb8 21. Rc1 Qb4 22. Rc3 Rc8 23. Rec1 Rc7 24. Rb3 Qa5 25. Qe2 Rhc8 26. g4 Nd5 27. Bd2 Qa4 28. Qd3 Nb6 29. Bb5 Rxc1+ 30. Bxc1 Rxc1+ 31. Kxc1 Qxa2 32. Qc2 Qa1+ 33. Kd2 Qa5+ 34. Qc3 Qa1 35. Bd3 Qg1 36. Ke2 Qxg4+ 37. Ke1 Nd5 38. Qc4 Qg1+ 39. Bf1 Qg5 40. Rc3 Nxc3 41. bxc3 Qd5 42. Qd3 Qc6 43. Kd2 a5 44. Qh7 a4 45. Qg8+ Ka7 46. Qxf7 a3 47. Kc2 Qa4+ 0-1


[Site "https://www.chess.com"]

[Event "Titled Tuesday Blitz April 05 Early 2022"]
[White "Koridze, Lile"]
[Black "Martin Carmona, Gaston Manuel"]
[WhiteFideId "13612514"]
[BlackFideId "22284567"]
[WhiteElo "2050"]
[BlackElo "2146"]
[Result "0-1"]
[Round "10"]
[TimeControl "180+1"]
[Date "2022.04.05"]
[WhiteClock "0:00:34"]
[BlackClock "0:00:17"]

1. d4 e6 2. c4 Bb4+ 3. Nc3 Nf6 4. e3 b6 5. Nf3 c5 6. Bd3 Bb7 7. O-O O-O 8. Qe2 cxd4 9. Nxd4 d5 10. Rd1 dxc4 11. Bxc4 Qe7 12. a3 Bxc3 13. bxc3 Nbd7 14. a4 Rac8 15. Ba3 Nc5 16. Nb3 Nfd7 17. Rab1 Qg5 18. f3 Nxb3 19. Bxf8 Nbc5 20. Bd6 h5 21. Bb5 Nf6 22. Bf4 Qg6 23. Bd3 Nxd3 24. Qxd3 Qxd3 25. Rxd3 Nd5 26. Rbd1 Kh7 27. R1d2 Rc4 28. e4 Nxf4 29. Rd7 Ba6 30. Rxa7 Rxa4 31. Rxf7 Nd3 32. h3 h4 33. Kh2 Ne5 34. Re7 Bc4 35. f4 Nd3 36. f5 exf5 37. exf5 Kh6 38. g4 Ra1 39. Rd7 Ne5 40. R2d6+ Kg5 41. Rxg7+ Kf4 42. Kg2 Ra2+ 43. Kh1 Nf3 44. Rd4+ Kg3 0-1


[Site "https://www.chess.com"]

[Event "Titled Tuesday Blitz April 05 Early 2022"]
[White "Kosteniuk, Alexandra"]
[Black "Sanchez, Robert"]
[WhiteFideId "4128125"]
[BlackFideId "2034360"]
[WhiteElo "2469"]
[BlackElo "2322"]
[Result "1-0"]
[Round "10"]
[TimeControl "180+1"]
[Date "2022.04.05"]
[WhiteClock "0:00:53"]
[BlackClock "0:00:18"]

1. e4 e6 2. d4 d5 3. exd5 exd5 4. Nf3 Nf6 5. Bd3 c5 6. O-O Be7 7. dxc5 Bxc5 8. Nbd2 O-O 9. Nb3 Be7 10. Re1 Nc6 11. c3 a5 12. Bc2 Bg4 13. h3 Bh5 14. Bf4 a4 15. Nbd4 Nxd4 16. cxd4 a3 17. Rb1 Bb4 18. Re3 Bd6 19. Be5 Re8 20. bxa3 Bxe5 21. dxe5 Ne4 22. Rxb7 Qc8 23. Rb4 Bxf3 24. gxf3 Nc3 25. Qd3 Rxa3 26. Qxh7+ Kf8 27. Qh8+ Ke7 28. Qh4+ Kf8 29. Bb3 Nxa2 30. Rf4 Nc1 31. Bxd5 Ra7 32. Qh8+ Ke7 33. Rxf7+ Kd8 34. Qh4+ 1-0


[Site "https://www.chess.com"]

[Event "Titled Tuesday Blitz April 05 Early 2022"]
[White "Kostiukov, Alexandr"]
[Black "Lehtosaari, Mauri"]
[WhiteFideId "14108100"]
[BlackFideId "501999"]
[WhiteElo "2202"]
[BlackElo "2527"]
[Result "0-1"]
[Round "10"]
[TimeControl "180+1"]
[Date "2022.04.05"]
[WhiteClock "0:00:16"]
[BlackClock "0:00:08"]

1. g3 d5 2. Bg2 Nf6 3. d3 c6 4. e4 dxe4 5. dxe4 Qxd1+ 6. Kxd1 g6 7. f3 Bg7 8. c3 O-O 9. Be3 b6 10. Nd2 Bb7 11. Nh3 Rd8 12. Kc2 c5 13. a4 Nc6 14. Rhd1 Rac8 15. Nc4 Ba6 16. Bf1 Bb7 17. Nf2 Nd7 18. Bh3 e6 19. Nd6 Rb8 20. Bg5 Bf6 21. Nxb7 Rxb7 22. Bxf6 Nxf6 23. Rxd8+ Nxd8 24. Rd1 Rd7 25. Ra1 Nc6 26. Bf1 Kf8 27. Bb5 Rc7 28. Nd3 Nd7 29. b3 Nde5 30. Bxc6 Nxc6 31. Nb2 Rd7 32. Nc4 Ke7 33. e5 Rd5 34. f4 f6 35. exf6+ Kxf6 36. Re1 e5 37. Ne3 Rd8 38. Ng4+ Kf5 39. Nxe5 Nxe5 40. Rxe5+ Kf6 41. h4 h5 42. Rg5 Re8 43. Kd3 Re1 44. f5 gxf5 45. Rxh5 Rg1 46. Rg5 Ke5 47. Rg7 a6 48. Rg6 b5 49. Rxa6 Rxg3+ 50. Kd2 Rg2+ 51. Kd3 Rg3+ 52. Kc2 Rg2+ 53. Kc1 b4 54. cxb4 cxb4 55. Rb6 Rg4 56. a5 Rxh4 57. a6 Rh8 58. Rxb4 Ra8 59. Rb5+ Ke4 60. Rb4+ Ke3 61. Rb6 f4 62. Re6+ Kd4 63. Kc2 Kd5 64. Rf6 Ke5 65. Rb6 f3 66. Kd3 Rf8 67. Rb5+ Ke6 68. Rb6+ Ke5 69. Rb5+ Ke6 70. Rb6+ Kd5 71. Rb5+ Kc6 72. Ra5 f2 73. Kc3 f1=Q 74. a7 Ra8 75. Kb4 Qf4+ 76. Ka3 Qc1+ 77. Ka4 Qa1+ 78. Kb4 Qxa5+ 79. Kxa5 Kb7 80. Kb4 Rxa7 81. Kc4 Kb6 82. b4 Rc7+ 83. Kb3 Kb5 0-1


[Site "https://www.chess.com"]

[Event "Titled Tuesday Blitz April 05 Early 2022"]
[White "Kozak, Antoni"]
[Black "Coto Mederos, Michel"]
[WhiteFideId "21832030"]
[BlackFideId "3508528"]
[WhiteElo "2236"]
[BlackElo "2427"]
[Result "1/2-1/2"]
[Round "10"]
[TimeControl "180+1"]
[Date "2022.04.05"]
[WhiteClock "0:00:42"]
[BlackClock "0:00:04"]

1. d4 d5 2. Nf3 Nf6 3. c3 Bf5 4. Bf4 e6 5. e3 Bd6 6. Bd3 Bg6 7. O-O O-O 8. Bxg6 hxg6 9. Nbd2 Nbd7 10. c4 Bxf4 11. exf4 dxc4 12. Nxc4 Nb6 13. Nce5 c6 14. Qe2 Qe7 15. g3 Nbd7 16. h4 Rfd8 17. Rfd1 Nd5 18. Ng5 Nxe5 19. dxe5 Nc7 20. h5 f6 21. Ne4 gxh5 22. Qxh5 Rxd1+ 23. Rxd1 Rd8 24. Rxd8+ Qxd8 25. exf6 gxf6 26. Qg6+ Kf8 27. Nxf6 Qd1+ 28. Kg2 Nd5 29. Ng4 Ke7 30. Qg7+ Kd6 31. Ne5 Ne3+ 32. Kh2 Qh5+ 33. Kg1 Qd1+ 34. Kh2 Qh5+ 35. Kg1 Qd1+ 36. Kh2 1/2-1/2


[Site "https://www.chess.com"]

[Event "Titled Tuesday Blitz April 05 Early 2022"]
[White "Lakshmi C"]
[Black "Kouskoutis, Georgios-Alexandros"]
[WhiteFideId "25035347"]
[BlackFideId "4234049"]
[WhiteElo "1775"]
[BlackElo "2130"]
[Result "0-1"]
[Round "10"]
[TimeControl "180+1"]
[Date "2022.04.05"]
[WhiteClock "0:00:01"]
[BlackClock "0:00:01"]

1. e4 c5 2. Nf3 d6 3. d4 cxd4 4. Nxd4 Nf6 5. Nc3 g6 6. Be2 Bg7 7. O-O O-O 8. Bg5 Nc6 9. Nb3 Bd7 10. Kh1 Rc8 11. f4 Be6 12. f5 Bd7 13. Qd2 Ne5 14. Qf4 b5 15. a3 a5 16. Nd4 b4 17. axb4 axb4 18. Nd5 Nxd5 19. exd5 f6 20. Bh6 g5 21. Bxg5 fxg5 22. Qxg5 Kh8 23. Ne6 Bxe6 24. fxe6 Rxc2 25. Rxf8+ Qxf8 26. Rf1 Bf6 27. Qh5 Kg8 28. b3 Ng6 29. h3 Qg7 30. Bd3 Rc3 31. Bc4 Rxc4 32. bxc4 b3 33. c5 dxc5 34. Qf3 b2 35. Qb3 h5 36. d6 Be5 37. d7 Bc7 38. Qb7 Nf4 39. Qc8+ Kh7 40. Rxf4 Bxf4 41. Qb7 Qg6 0-1


[Site "https://www.chess.com"]

[Event "Titled Tuesday Blitz April 05 Early 2022"]
[White "Lauridsen, Jesper Morch"]
[Black "Petrovic, Aleksa"]
[WhiteFideId "1401890"]
[BlackFideId "967629"]
[WhiteElo "2276"]
[BlackElo "2198"]
[Result "0-1"]
[Round "10"]
[TimeControl "180+1"]
[Date "2022.04.05"]
[WhiteClock "0:00:02"]
[BlackClock "0:00:07"]

1. e4 c5 2. Nf3 e6 3. d4 cxd4 4. Nxd4 a6 5. Bd3 Nf6 6. O-O Qc7 7. c4 d6 8. b3 g6 9. Bb2 Bg7 10. Nc3 O-O 11. Rc1 b6 12. Qe2 Bb7 13. Rfd1 Nbd7 14. Bb1 Rfe8 15. a3 Rac8 16. Ba2 Qb8 17. b4 d5 18. f3 Bh6 19. Ra1 dxe4 20. Nxe4 Bxe4 21. fxe4 Ne5 22. Nf3 Neg4 23. Bc1 Bxc1 24. Raxc1 Qf4 25. Re1 Ne5 26. Nxe5 Qxe5 27. Rcd1 Red8 28. Rxd8+ Rxd8 29. Bb1 Kg7 30. h3 h5 31. c5 bxc5 32. bxc5 Qxc5+ 33. Kh1 a5 34. Qb2 e5 35. Ba2 Qd4 36. Qb3 Rd7 37. Qb8 Nxe4 38. Qe8 Nf6 39. Qc8 Qf2 40. Ra1 Rd2 0-1


[Site "https://www.chess.com"]

[Event "Titled Tuesday Blitz April 05 Early 2022"]
[White "Le Ruyet, Leopold"]
[Black "Mekhitarian, Krikor Sevag"]
[WhiteFideId "645923"]
[BlackFideId "2107660"]
[WhiteElo "2276"]
[BlackElo "2598"]
[Result "0-1"]
[Round "10"]
[TimeControl "180+1"]
[Date "2022.04.05"]
[WhiteClock "0:00:06"]
[BlackClock "0:00:05"]

1. e4 e5 2. Nf3 Nf6 3. Nxe5 d6 4. Nf3 Nxe4 5. Bd3 Nf6 6. O-O Be7 7. Be2 O-O 8. d4 d5 9. Bf4 c5 10. dxc5 Bxc5 11. Nc3 h6 12. Be5 Nbd7 13. Bd4 Bb4 14. a3 Bd6 15. Re1 a6 16. Bf1 b5 17. Ne5 Bb7 18. Nxd7 Nxd7 19. Bd3 Nc5 20. Qg4 Qg5 21. Qxg5 hxg5 22. Bf5 Rfe8 23. Kf1 g6 24. Bd3 Nxd3 25. cxd3 f5 26. Bf6 g4 27. d4 Kf7 28. Bg5 Rxe1+ 29. Rxe1 Rh8 30. g3 Rxh2 0-1


[Site "https://www.chess.com"]

[Event "Titled Tuesday Blitz April 05 Early 2022"]
[White "Legenia, Artem"]
[Black "Fikiet, Alex"]
[WhiteFideId "14136945"]
[BlackFideId "2052717"]
[WhiteElo "1936"]
[BlackElo "2450"]
[Result "1/2-1/2"]
[Round "10"]
[TimeControl "180+1"]
[Date "2022.04.05"]
[WhiteClock "0:00:35"]
[BlackClock "0:00:11"]

1. d4 d5 2. Nf3 Nf6 3. Bf4 g6 4. e3 Bg7 5. Bd3 O-O 6. Nbd2 c6 7. c3 Bf5 8. Bxf5 gxf5 9. h3 Nh5 10. Bh2 Nf6 11. Ne5 Nbd7 12. g4 Nxe5 13. Bxe5 Qc8 14. Qc2 Ne4 15. Bxg7 Kxg7 16. gxf5 Qxf5 17. f3 Ng3 18. Qxf5 Nxf5 19. Kf2 f6 20. e4 dxe4 21. fxe4 Nd6 22. Rhg1+ Kf7 23. c4 e5 24. dxe5 fxe5 25. c5 Nb5 26. Nb3 Nd4 27. Nxd4 exd4 28. Ke2 Ke6 29. Raf1 Rxf1 30. Rxf1 Rg8 31. Kd3 Rg3+ 32. Kxd4 Rxh3 33. Rf2 h5 34. Rg2 Rf3 35. Rg6+ Rf6 36. Rg7 Rf7 37. Rg6+ Rf6 38. Rg7 Rf7 39. Rg6+ Rf6 1/2-1/2


[Site "https://www.chess.com"]

[Event "Titled Tuesday Blitz April 05 Early 2022"]
[White "Manon, Reja Neer"]
[Black "Winkels, Marcel"]
[WhiteFideId "10224009"]
[BlackFideId "1003887"]
[WhiteElo "1911"]
[BlackElo "1900"]
[Result "0-1"]
[Round "10"]
[TimeControl "180+1"]
[Date "2022.04.05"]
[WhiteClock "0:01:44"]
[BlackClock "0:01:43"]

1. e4 c5 2. Nf3 d6 3. d4 cxd4 4. Nxd4 Nf6 5. Nc3 a6 6. Be2 e5 7. Nb3 Be7 8. Be3 Be6 9. O-O O-O 10. f4 exf4 11. Rxf4 Nc6 12. Qe1 Ne5 13. Nd4 Ng6 14. Rf1 Qd7 15. Qg3 b5 16. a3 Rac8 17. Nf5 Rxc3 18. bxc3 Nxe4 19. Nxe7+ Qxe7 20. Qf3 Nxc3 21. Bd3 Ne5 22. Qg3 Nxd3 23. cxd3 Ne2+ 0-1


[Site "https://www.chess.com"]

[Event "Titled Tuesday Blitz April 05 Early 2022"]
[White "Manukian, Artak"]
[Black "Von Buelow, Georg"]
[WhiteFideId "13301373"]
[BlackFideId "4620658"]
[WhiteElo "2358"]
[BlackElo "2194"]
[Result "1-0"]
[Round "10"]
[TimeControl "180+1"]
[Date "2022.04.05"]
[WhiteClock "0:00:34"]
[BlackClock "0:00:01"]

1. e4 e5 2. Nf3 Nc6 3. d4 exd4 4. Nxd4 Bc5 5. Nxc6 Qf6 6. Qf3 bxc6 7. Nc3 Bd4 8. Bd2 Rb8 9. O-O-O Qxf3 10. gxf3 Bxf2 11. Bc4 d6 12. e5 d5 13. Bb3 Ne7 14. h4 Bf5 15. h5 O-O 16. h6 g6 17. Bg5 Rfe8 18. Rh2 Bb6 19. Na4 Be6 20. f4 Nf5 21. Nxb6 axb6 22. c3 Ra8 23. Kb1 Ra5 24. Bc2 Rea8 25. a3 Ne3 26. Re1 Nxc2 27. Kxc2 Kf8 28. Rf2 Bf5+ 29. Kd2 Ke8 30. Rd1 Kd7 31. Ke1 Ke6 32. Rd4 c5 33. Rdd2 c6 34. Kf1 b5 35. Kg2 Ra4 36. Kg3 Rc4 37. Rf3 Raa4 38. Rdf2 Ra8 39. Rd2 Be4 40. Re3 Kf5 41. Be7 Re8 42. Bd6 f6 43. exf6 Kxf6 44. Be5+ Kf5 45. Kh4 Ra4 46. Rg3 Rxe5 47. fxe5 Kxe5 48. Kh3 Bf5+ 49. Kg2 Rh4 50. Re2+ Be4+ 51. Kg1 Rh1+ 52. Kf2 Rxh6 53. Rg5+ Kf4 54. Rg1 Rh2+ 55. Ke1 Rh3 56. Rf1+ Ke5 57. Rf7 h5 58. Rg7 h4 59. Rxg6 Rh1+ 60. Kd2 Rb1 61. Rxc6 Rxb2+ 62. Ke3 c4 63. Rxb2 h3 64. Rh6 1-0


[Site "https://www.chess.com"]